 Dungeon Crawl Stone Soup version 0.19.5 (webtiles) character file.

359 equalderp2856 the Sneak (level 6, -1/25 HPs)
             Began as a Felid Summoner on Apr 1, 2017.
             Slain by an orc
             ... wielding a +0 morningstar
              (5 damage)
             ... on level 8 of the Dungeon.
             The game lasted 00:29:37 (10852 turns).

equalderp2856 the Sneak (Felid Summoner)           Turns: 10852, Time: 00:29:38

Health: -1/25      AC:  2    Str:  4    XL:     6   Next: 37%
Magic:  13/13      EV: 20    Int: 16    God:
Gold:   226        SH:  0    Dex: 19    Spells: 3 memorised, 6 levels left
                                        Lives:  0   Deaths: 2

rFire  + . .     SeeInvis +       - Unarmed
rCold  . . .     Gourm    .     (armour unavailable)
rNeg   . . .     Faith    .     (shield unavailable)
rPois  .         Spirit   .     (helmet unavailable)
rElec  .         Reflect  .     (cloak unavailable)
rCorr  .         Harm     .     (gloves unavailable)
MR     .....                    (boots unavailable)
Stlth  +++++.....               (no amulet)
                                w - ring of stealth
                                q - ring "Fyfouw" {Wiz rF+}

@: quick
A: no armour, no weapons or thrown items, stealth, claws 1, fangs 3, see
invisible, carnivore 3, speed 1, shaggy fur 2, slow metabolism 1, sharp paws
a: no special abilities


You were on level 8 of the Dungeon.
You were not hungry.

You visited 1 branch of the dungeon, and saw 8 of its levels.

You collected 226 gold pieces.

Inventory:

Jewellery
 q - the ring "Fyfouw" (left paw) {Wiz rF+}
   (You found it on level 4 of the Dungeon)

   [ring of wizardry]

   It improves your spell success rate.
   It protects you from fire.
 w - a ring of stealth (right paw)
Wands
 r - a wand of lightning (8/15)
 t - a wand of slowing (31/48)
 v - a wand of paralysis (15/24)
Scrolls
 g - 4 scrolls of identify {unknown}
 h - 5 scrolls of remove curse {unknown}
 j - a scroll of amnesia {unknown}
 k - 2 scrolls of noise {unknown}
 p - a scroll of enchant weapon {unknown}
 s - a scroll of enchant armour {unknown}
 u - a scroll of magic mapping {unknown}
 y - a scroll of blinking {unknown}
Potions
 c - a potion of berserk rage
 d - a potion of might
 e - a potion of lignification
 l - a potion of degeneration
 n - 3 potions of curing
 x - a potion of haste {unknown}
Books
 a - a book of Callings

   Spells                             Type                      Level
   a - Summon Small Mammal            Summoning                    1
   b - Call Imp                       Summoning                    2
   c - Call Canine Familiar           Summoning                    3
   d - Summon Guardian Golem          Hexes/Summoning              3
   e - Summon Lightning Spire         Summoning/Air                4
   f - Summon Ice Beast               Ice/Summoning                4
 m - a book of Misfortune

   Spells                             Type                      Level
   a - Confusing Touch                Hexes                        1
   b - Confuse                        Hexes                        3
   c - Gell's Gravitas                Hexes/Translocation          3
   d - Petrify                        Transmutation/Earth          4
   e - Metabolic Englaciation         Hexes/Ice                    5
   f - Yara's Violent Unravelling     Hexes/Transmutation          5
Comestibles
 b - a meat ration


   Skills:
 + Level 1.1 Fighting
 + Level 4.5 Dodging
 + Level 5.9 Stealth
 + Level 3.6 Unarmed Combat
 - Level 4.0 Spellcasting
 - Level 4.2 Summonings
 + Level 3.1 Ice Magic


You had 6 spell levels left.
You knew the following spells:

 Your Spells              Type           Power        Failure   Level  Hunger
a - Summon Small Mammal   Summ           ###.         1%          1    None
b - Call Imp              Summ           ###.....     2%          2    ##.....
c - Summon Ice Beast      Ice/Summ       ###.....     16%         4    ####...


Dungeon Overview and Level Annotations

Branches:
Dungeon (8/15)
 Temple: D:4-7         Lair: D:8-11

Altars:
Gozag
Yredelemnul
The Shining One

Annotations:
D:5 Duvessa, Pikel


Innate Abilities, Weirdness & Mutations

You cannot wear armour.
You are incapable of wielding weapons or throwing items.
Your paws allow you to move quietly. (Stealth)
You have sharp claws.
You have razor-sharp teeth.
You have supernaturally acute eyesight. (SInv)
You are carnivorous and can eat meat at any time.
You cover ground quickly.
You are covered in thick fur. (AC +2)
You have a slow metabolism.
Your sharp claws are effective at attacking unaware monsters.


Message History

The orc misses you. The orc hits you with a morningstar!
The crimson imp closely misses you. The orc closely misses you.
The crimson imp barely misses you. The orc barely misses you.
The crimson imp barely misses you.
The crimson imp blinks!
The orc completely misses you.
The crimson imp blinks!
A water moccasin zombie comes into view.
The orc misses you.
The water moccasin zombie closely misses you.
The crimson imp blinks!
The orc closely misses you. The water moccasin zombie bites you.
* * * LOW HITPOINT WARNING * * *
The water moccasin zombie misses you. The orc barely misses you.
The water moccasin zombie bites you.
* * * LOW HITPOINT WARNING * * *
The orc misses you.
The water moccasin zombie completely misses you.
The crimson imp closely misses you. The water moccasin zombie misses you.
The orc hits you with a morningstar.
You die...

..# #.# #.# #.$ ###.###
##....... ### ......
....... ..#.# ##......
.#..# #...#..####
....### #...#..#.%#
.##.#.. .......#o.# #
###.#.# #5..#@##..##'
##.##.# #...5Z......
..###.#### #.........⌠.
.!......|#.##.####+##...
....#.#.......# +#
......#..#.#..# ....###
# #..# ....###..# ##.P
###......# #...


You could see a crimson imp, an orc and a water moccasin zombie.

Vanquished Creatures
  A bullfrog (D:7)
  An iguana (D:8)
  A worker ant zombie (D:8)
  3 adders
  A shadow imp (D:8)
  A leopard gecko (D:1)
  An orc (D:4)
  2 giant cockroaches (D:4)
  3 hobgoblins
  2 jackals (D:4)
  5 quokkas
  4 bats
  4 frilled lizards
  4 goblins
  4 kobolds
  A quokka skeleton (D:5)
  6 rats
44 creatures vanquished.

Vanquished Creatures (collateral kills)
  Grinder (D:3)
  Edmund (D:4)
  A water moccasin (D:4)
  A sky beast (D:4)
  A necrophage (D:8)
  An ogre (D:3)
  2 bullfrogs
  2 scorpions
  A wyvern skeleton (D:8)
  An orc priest (D:4)
  A hound (D:4)
  5 adders
  A shadow imp (D:8)
  An ooze (D:1)
  3 worms
  2 dart slugs (D:2)
  A leopard gecko (D:2)
  13 orcs
  4 giant cockroaches
  2 goblins
  6 hobgoblins
  9 kobolds
  2 ball pythons
  8 bats
  3 frilled lizards (D:1)
  6 rats
79 creatures vanquished.

Grand Total: 123 creatures vanquished

Notes
Turn   | Place    | Note
-------+----------+-------------------------------------------
     0 | D:1      | equalderp2856 the Felid Summoner began the quest for the Orb.
     0 | D:1      | Reached XP level 1. HP: 7/7 MP: 4/4
   414 | D:1      | Reached XP level 2. HP: 11/11 MP: 1/6
   486 | D:1      | Learned a level 2 spell: Call Imp
   889 | D:1      | Found a glowing golden altar of the Shining One.
  1234 | D:2      | Reached skill level 3 in Stealth
  1328 | D:2      | Found a basalt altar of Yredelemnul.
  1441 | D:2      | Reached XP level 3. HP: 13/14 MP: 4/8
  2209 | D:2      | Reached skill level 1 in Unarmed Combat
  2878 | D:3      | Reached XP level 4. HP: 13/18 MP: 3/9
  3099 | D:2      | Learned a level 4 spell: Summon Ice Beast
  3685 | D:3      | Noticed an ogre
  3947 | D:3      | Killed an ogre
  3947 | D:3      | Reached XP level 5. HP: 21/21 MP: 1/11
  4325 | D:2      | Noticed a rust devil
  5320 | D:4      | Engulfed by a cloud of freezing vapour
  5321 | D:4      | Reached XP level 4. HP: -8/27 MP: 7/10
  6136 | D:4      | Got a serpentine brass ring
  6139 | D:4      | Identified the ring "Fyfouw" {Wiz rF+} (You found it on level 4 of the Dungeon)
  6179 | D:4      | Noticed a small abomination
  6179 | D:4      | Noticed a small abomination
  6179 | D:4      | Noticed a small abomination
  6652 | D:4      | Noticed Grinder
  6869 | D:4      | Paralysed by Grinder for 5 turns
  6875 | D:4      | Noticed a small abomination
  6875 | D:4      | Noticed a small abomination
  6875 | D:4      | Noticed a small abomination
  7098 | D:5      | Entered Level 5 of the Dungeon
  7098 | D:5      | Noticed a sky beast
  7098 | D:5      | Noticed a phantom
  7438 | D:4      | Killed a sky beast
  7438 | D:4      | Reached skill level 4 in Stealth
  7438 | D:4      | Reached skill level 1 in Ice Magic
  7438 | D:4      | Reached XP level 5. HP: 13/21 MP: 1/12
  7937 | D:5      | Noticed a slave
  7937 | D:5      | Noticed Duvessa
  8365 | D:5      | Noticed a water moccasin
  8437 | D:5      | Noticed Edmund
  8454 | D:4      | Killed a water moccasin
  8454 | D:4      | Gained mutation: You are covered in thick fur. (AC +2) [Felid growth]
  8454 | D:4      | Reached XP level 6. HP: 20/24 MP: 6/13
  9188 | D:3      | Killed Grinder
  9381 | D:5      | Noticed a slave
  9390 | D:4      | Gained mutation: Your spells are a little easier to cast, but a little less powerful. [potion of mutation]
  9390 | D:4      | Gained mutation: You are weak. (Str -2) [potion of mutation]
  9390 | D:4      | Gained mutation: You are partially covered in iridescent scales. (AC +2) [potion of mutation]
  9391 | D:4      | Lost mutation: Your spells are a little easier to cast, but a little less powerful. [potion of cure mutation]
  9391 | D:4      | Lost mutation: You are weak. (Str -2) [potion of cure mutation]
  9391 | D:4      | Lost mutation: You are partially covered in iridescent scales. (AC +2) [potion of cure mutation]
  9397 | D:4      | Killed Edmund
  9397 | D:4      | Reached skill level 5 in Stealth
  9605 | D:5      | Noticed a slave
  9612 | D:5      | Noticed a slave
  9613 | D:5      | Noticed Pikel
 10017 | D:7      | Found a faded altar of an unknown god.
 10017 | D:7      | Found a faded altar of an unknown god.
 10022 | D:7      | Found a faded altar of an unknown god.
 10024 | D:7      | Found a faded altar of an unknown god.
 10034 | D:7      | Found an opulent altar of Gozag.
 10102 | D:7      | Reached skill level 1 in Fighting
 10102 | D:7      | Reached XP level 7. HP: 25/28 MP: 1/14
 10813 | D:8      | Mangled by a centaur
 10814 | D:8      | Reached XP level 6. HP: -6/23 MP: 5/13
 10852 | D:8      | Slain by an orc

Skill      XL: |  1  2  3  4  5  6  7 |
---------------+----------------------+-----
Stealth        | 3 4 5 |  5.9
Dodging        | 3 4 |  4.5
Unarmed Combat | 1 2 3 |  3.6
Spellcasting   | 3 4 |  4.0
Ice Magic      | 1 2 3 |  3.1
Fighting       | 1 |  1.1
Summonings     | |  4.2

Action                   |  1- 3 |  4- 6 |  7- 9 || total
-------------------------+-------+-------+-------++-------
Melee: Unarmed           |    67 |    95 |    18 ||   180
       Bite              |     3 |     6 |     1 ||    10
 Cast: Summon Small Mamm |    34 |    26 |     3 ||    63
       Call Imp          |    25 |    32 |     1 ||    58
       Summon Ice Beast  |       |    38 |    10 ||    48
  Use: Potion            |       |     8 |       ||     8
 Stab: Sleeping          |    10 |     7 |     2 ||    19
       Distracted        |       |     2 |       ||     2
  Eat: Chunk             |     9 |    20 |       ||    29
       Meat ration       |       |     1 |     1 ||     2
       Royal jelly       |       |     1 |       ||     1
Armor: Skin              |     4 |    29 |       ||    33
Dodge: Dodged            |    89 |   218 |    22 ||   329
